 Dungeon Crawl Stone Soup version 0.27.1-3-gb3d3a73c9e (webtiles) character file.

Game seed: 8086332538289134234

10443 TheGamechu the Grappler (level 11, -19/97 (109) HPs)
             Began as a Troll Monk on Oct 18, 2021.
             Was a High Priest of Yredelemnul.
             Killed from afar by Jorgrun (52 damage)
             ... with a blast of rock fragments
             ... on level 12 of the Dungeon.
             The game lasted 00:28:18 (8293 turns).

TheGamechu the Grappler (Troll Monk)                Turns: 8293, Time: 00:28:19

HP:   -19/97 (109)  AC:  7    Str: 21    XL:     11   Next: 36%
MP:   14/14         EV: 10    Int: 12    God:    Yredelemnul [*****.]
Gold: 566           SH:  0    Dex: 13    Spells: 10/10 levels left

rFire    + . .     SeeInvis .     - Unarmed
rCold    . . .     Faith    .   (no shield)
rNeg     . . .     Spirit   .   D - +0 troll leather armour
rPois    +         Reflect  .   (helmet restricted)
rElec    .         Harm     .   h - +0 cloak
rCorr    .         Rampage  .   (gloves unavailable)
Will     .....                  (boots unavailable)
Stlth    ..........             (no amulet)
HPRegen  2.26/turn              b - +6 ring of intelligence
MPRegen  0.14/turn              o - ring "Dedeweirch" {+Blink rPois rF+ Dex-2 Slay+4}

@: silenced (expiring), heavily drained
A: large, unfitting armour, claws 3, regeneration 1, shaggy fur 1, tough skin 1
a: Renounce Religion, Evoke Blink


You were on level 12 of the Dungeon.
You worshipped Yredelemnul.
Yredelemnul was extremely pleased with you.
You visited 1 branch of the dungeon, and saw 12 of its levels.
You also visited: Ossuary and Ice Cave.

You collected 566 gold pieces.

Inventory:

Missiles
 c - 7 atropa-tipped darts
 m - 26 poisoned darts
 n - 2 silver javelins (quivered)
 r - 4 boomerangs
 A - 11 large rocks
 I - 5 boomerangs of dispersal
Armour
 h - a +0 cloak (worn)
 q - a +1 tower shield
 t - +0 acid dragon scales
 D - a +0 troll leather armour (worn)
Jewellery
 b - a +6 ring of intelligence (left claw)
 o - the ring "Dedeweirch" (right claw) {+Blink rPois rF+ Dex-2 Slay+4}
   (You acquired it on level 6 of the Dungeon)

   [ring of slaying]

   Dex:       It affects your dexterity (-2).
   Slay:      It affects your accuracy & damage with ranged weapons and melee
   (+4).
   rF:        It protects you from fire.
   rPois:     It protects you from poison.
   +Blink:    It lets you blink.
 y - an amulet of the acrobat
 z - a +6 ring of intelligence
Wands
 l - a wand of paralysis (10)
 s - a wand of flame (25)
 v - a wand of acid (9)
 x - a wand of iceblast (5)
 E - a wand of polymorph (6)
Scrolls
 a - a scroll of magic mapping
 u - 3 scrolls of fear
 B - a scroll of teleportation
 C - a scroll of fog
 H - a scroll of vulnerability {unknown}
 J - a scroll of blinking {unknown}
Potions
 d - 4 potions of lignification
 e - 5 potions of mutation
 f - 2 potions of brilliance {unknown}
 g - 4 potions of curing
 i - 4 potions of invisibility
 j - a potion of magic {unknown}
 k - 3 potions of flight
 p - 2 potions of heal wounds
 w - a potion of haste {unknown}
 F - 2 potions of berserk rage {unknown}
Miscellaneous
 G - a piece from Xom's chessboard (15/15)


   Skills:
 + Level 7.1 Fighting
 + Level 7.3 Throwing
 - Level 2.4 Dodging
 - Level 1.0 Stealth
 + Level 0.6 Shields
 + Level 12.4 Unarmed Combat
 - Level 6.0 Invocations


You had 10 spell levels left.
You didn't know any spells.
Your spell library contained the following spells:

 Spells                   Type           Power      Damage    Failure   Level
 Ozocubu's Armour         Ice            0%         N/A       75%         3
 Animate Dead             Necr           0%         N/A       98%         4
 Blade Hands              Tmut           0%         N/A       100%        5
 Freezing Cloud           Conj/Ice/Air   0%         6-21      100%        5
 Irradiate                Conj/Tmut      0%         3d13      100%        5
 Simulacrum               Ice/Necr       0%         N/A       100%        6
 Dragon Form              Tmut           0%         N/A       100%        7
 Haunt                    Necr/Summ      0%         N/A       100%        7
 Ozocubu's Refrigeration  Ice            0%         4d5       100%        7
 Infestation              Necr           0%         N/A       100%        8
 Polar Vortex             Ice            0%         N/A       100%        9


Dungeon Overview and Level Annotations

Branches:
Dungeon (12/15)            Temple (0/1) D:5            Lair (0/6) D:10
Ossuary (visited)           IceCv (visited)
    Orc: D:9-12

Altars:
Elyvilon
Fedhas
Gozag
Hepliaklqana
Makhleb
Sif Muna
Trog
Uskayaw
Vehumet
Wu Jian
Yredelemnul

Shops:
D:9 [

Annotations:
D:12 Jorgrun, Sonja


Innate Abilities, Weirdness & Mutations

You are too large for most types of armour.
You have claws for hands.
Your natural rate of healing is unusually fast.
You are covered in fur. (AC +1)
You have tough skin. (AC +1)


Message History

An orc wizard comes into view. It is wielding a +0 dagger.
An orc comes into view. It is wielding a +0 hand axe.
You claw Jorgrun! You claw Jorgrun!!
Jorgrun is moderately wounded.
Jorgrun hits you with a +0 vorpal quarterstaff!
* * * LOW HITPOINT WARNING * * *
x2 The orc wizard gestures wildly while chanting.
The orc wizard flickers and vanishes!
Deactivating autopickup; reactivate with Ctrl-A.
You scratch Jorgrun.
Jorgrun is moderately wounded.
Jorgrun closely misses you.
You mangle Jorgrun!!
Jorgrun is heavily wounded.
An orc comes into view. It is wielding a +0 war axe of venom.
The orc priest calls down the wrath of Beogh upon you.
Beogh smites you!
* * * LOW HITPOINT WARNING * * *
You feel much better. Jorgrun hits you but does no damage.
You scratch Jorgrun. Your claw misses Jorgrun.
Jorgrun is heavily wounded.
Jorgrun hits you with a +0 vorpal quarterstaff.
A warg comes into view.
You claw Jorgrun!
Jorgrun is heavily wounded.
Jorgrun barely misses you.
You scratch Jorgrun.
Jorgrun is heavily wounded.
An orc comes into view. It is wielding a +0 club.
Jorgrun hits you with a +0 vorpal quarterstaff!
* * * LOW HITPOINT WARNING * * *
x2 The orc hits you with a +0 hand axe.
* * * LOW HITPOINT WARNING * * *
The orc priest looks encouraged for a moment.
An orc wizard comes into view. It is wielding a +0 dagger.
Jorgrun points at the orc and mumbles some strange words.
The wall shatters!
The blast of rock fragments hits you!!!
Ouch! That really hurt!
You die...
Your body rises from the dead as a mindless zombie.

..........#.<...#
................
.o............#
..............#
#....o........#
#....o...g....#
.......h.o....#
........o..#..#
#..###.#@..# ## ##.
#.....#
####+####....#
.............#
.........#...#####
.........#.>.#...#
..........###.#...#
### ...........#
#.#...########..
#..........#
#.#.............


You could see Jorgrun, a warg, an orc priest, an orc wizard and 3 orcs.

Vanquished Creatures
  A boulder beetle (D:11)
  A two-headed ogre (D:11)
  A cyclops (D:11)
  3 trolls
  Sigmund (D:6)
  2 yaks
  2 wyverns
  5 wraiths
  A basilisk (D:9)
  Edmund (D:5)
  2 vampire mosquitoes (D:11)
  A water moccasin (D:7)
  3 orc warriors
  An ice beast (D:7)
  A black bear (D:8)
  2 necrophages
  6 centaurs
  A phantom (D:5)
  A bullfrog (D:5)
  A gnoll sergeant (D:6)
  2 scorpions
  A cane toad simulacrum (IceCv)
  4 water moccasin zombies (Ossuary)
  12 killer bees
  8 wights
  A howler monkey (D:5)
  A bullfrog zombie (D:6)
  2 centaur zombies
  6 orc priests
  3 hounds
  2 bullfrog skeletons (D:5)
  A gnoll shaman (D:4)
  A jelly (D:4)
  3 centaur skeletons
  Crazy Yiuf (D:2)
  4 iguanas
  8 orc wizards
  Natasha (thrice) (D:3)
  A hound zombie (D:5)
  2 mummies (Ossuary)
  A howler monkey skeleton (D:6)
  13 gnolls
  4 adders
  2 shadow imps
  13 white imps
  An adder skeleton (D:4)
  5 adder zombies (Ossuary)
  A worm (D:2)
  4 dart slugs
  17 orcs
  2 ball pythons
  4 bats
  8 endoplasms
  A giant cockroach (D:1)
  3 gnoll zombies (Ossuary)
  8 goblins
  5 hobgoblins
  2 jackals (D:2)
  4 quokkas
  A frilled lizard (D:1)
  5 hobgoblin zombies (Ossuary)
  10 kobolds
  6 kobold zombies (Ossuary)
  5 orc zombies (Ossuary)
  A rat (D:1)
229 creatures vanquished.

Vanquished Creatures (collateral kills)
  A two-headed ogre (D:9)
  2 cyclopes
  2 yaks
  A shadow (D:11)
  A wraith (D:7)
  An acid dragon (D:8)
  An orc warrior (D:5)
  An ogre (D:7)
  A centaur (D:9)
  A kobold brigand (D:9)
  A scorpion (D:7)
  A water moccasin zombie (Ossuary)
  2 killer bees (D:8)
  3 wights (D:9)
  A centaur zombie (D:8)
  A jelly (D:4)
  An orc priest (D:9)
  A killer bee zombie (D:8)
  A white imp (D:11)
  5 orcs
  4 kobolds (D:9)
33 creatures vanquished.

Vanquished Creatures (others)
  5 flying skulls (D:9)
  A wight (D:9)
  2 mummies
  A vampire mosquito zombie (D:11)
  2 centaur zombies
  A dart slug zombie (D:5)
  A hobgoblin skeleton (D:4)
  A killer bee zombie (D:8)
  A kobold zombie (D:9)
  An orc zombie (D:6)
  6 plants (D:10)
  5 toadstools (D:1)
27 creatures vanquished.

Grand Total: 289 creatures vanquished

Notes
Turn   | Place    | Note
-------+----------+-------------------------------------------
     0 | D:1      | TheGamechu the Troll Monk began the quest for the Orb.
     0 | D:1      | Reached XP level 1. HP: 22/22 MP: 0/0
    76 | D:1      | Reached XP level 2. HP: 18/29 MP: 1/1
   160 | D:1      | Reached skill level 4 in Unarmed Combat
   306 | D:1      | Reached XP level 3. HP: 36/36 MP: 2/2
   848 | D:2      | Found a runed translucent door.
   849 | D:2      | Noticed Crazy Yiuf
   856 | D:2      | Killed Crazy Yiuf
   857 | D:2      | Reached skill level 5 in Unarmed Combat
   857 | D:2      | Reached XP level 4. HP: 44/44 MP: 3/3
   990 | D:2      | Found a faded altar of an unknown god.
  1310 | D:3      | Noticed Natasha
  1318 | D:3      | Killed Natasha
  1319 | D:3      | Reached XP level 5. HP: 43/50 MP: 4/4
  1346 | D:3      | Noticed Natasha
  1352 | D:3      | Killed Natasha
  1353 | D:3      | Reached skill level 6 in Unarmed Combat
  1365 | D:3      | Noticed Natasha
  1371 | D:3      | Killed Natasha
  1633 | D:3      | Reached XP level 6. HP: 20/55 MP: 5/5
  1683 | D:3      | Reached skill level 7 in Unarmed Combat
  1875 | D:4      | Reached skill level 8 in Unarmed Combat
  1875 | D:4      | Reached XP level 7. HP: 65/66 MP: 6/6
  1999 | D:4      | Found a basalt altar of Yredelemnul.
  2028 | D:4      | Became a worshipper of Yredelemnul the Dark
  2028 | D:4      | Reached * piety under Yredelemnul
  2028 | D:4      | Reached ** piety under Yredelemnul
  2413 | D:5      | Entered Level 5 of the Dungeon
  2418 | D:5      | Reached skill level 9 in Unarmed Combat
  2527 | D:5      | Reached XP level 8. HP: 74/74 MP: 7/7
  2576 | D:5      | Reached skill level 10 in Unarmed Combat
  2728 | D:5      | Reached skill level 1 in Throwing
  2728 | D:5      | Reached skill level 1 in Invocations
  2832 | D:5      | Found a staircase to the Ecumenical Temple.
  2994 | D:6      | Noticed Edmund
  3045 | D:5      | Killed Edmund
  3257 | D:6      | Identified a scroll of acquirement
  3257 | D:6      | Acquired the ring "Dedeweirch" {+Blink rPois rF+ Dex-2
                  | Slay+4}
  3519 | D:6      | Found an ornate altar of the Wu Jian Council.
  3692 | D:6      | Noticed Sigmund
  3700 | D:6      | Killed Sigmund
  3701 | D:6      | Reached XP level 9. HP: 74/84 MP: 10/10
  4207 | D:7      | Found a hazy altar of Hepliaklqana.
  4236 | D:7      | Reached *** piety under Yredelemnul
  4370 | D:7      | Identified the +4 ring mail of the First Snow {Dex+4
                  | Slay-2}
  4376 | D:7      | Found a sand-covered staircase.
  4382 | Ossuary  | Entered an ossuary
  4465 | Ossuary  | Received a gift from Yredelemnul (5 flying skulls)
  4576 | D:7      | Reached skill level 11 in Unarmed Combat
  4580 | D:7      | Found an opulent altar of Gozag.
  4919 | D:7      | Found a white marble altar of Elyvilon.
  4920 | D:7      | Found a burning altar of Makhleb.
  4921 | D:7      | Found a blossoming altar of Fedhas.
  4923 | D:7      | Found a hide-covered altar of Uskayaw.
  5020 | D:8      | Reached skill level 5 in Fighting
  5021 | D:8      | Reached **** piety under Yredelemnul
  5021 | D:8      | Received a gift from Yredelemnul (a wight)
  5116 | D:8      | Reached XP level 10. HP: 85/96 MP: 12/12
  5200 | D:8      | Found a bloodstained altar of Trog.
  5414 | D:8      | Found a shimmering blue altar of Sif Muna.
  5597 | D:9      | Found Daumoiss's Armour Boutique.
  5604 | D:9      | Reached skill level 5 in Throwing
  5604 | D:9      | Reached skill level 5 in Invocations
  5658 | D:9      | Noticed a cyclops
  5667 | D:9      | Killed a cyclops
  6126 | D:9      | Found a radiant altar of Vehumet.
  6126 | D:9      | Noticed a two-headed ogre
  6143 | D:9      | Killed a two-headed ogre
  6373 | D:10     | Entered Level 10 of the Dungeon
  6590 | D:10     | Found a staircase to the Lair.
  6971 | D:11     | Noticed a boulder beetle
  6998 | D:11     | Found a frozen archway.
  7004 | D:11     | Killed a boulder beetle
  7092 | D:11     | Reached skill level 12 in Unarmed Combat
  7102 | D:11     | Reached ***** piety under Yredelemnul
  7104 | D:11     | Received a gift from Yredelemnul (a mummy)
  7119 | IceCv    | Entered an ice cave
  7119 | IceCv    | Noticed a white ugly thing
  7188 | D:11     | Reached XP level 11. HP: 105/107 MP: 14/14
  7284 | D:11     | Received a gift from Yredelemnul (a mummy)
  7365 | D:11     | Noticed a two-headed ogre
  7371 | D:11     | Killed a two-headed ogre
  7398 | D:11     | Identified the +1 robe of Zin's Respect {rPois SInv}
  7779 | D:11     | Found an opulent altar of Gozag.
  8092 | D:12     | Noticed Sonja
  8278 | D:12     | Noticed Jorgrun
  8293 | D:12     | Killed from afar by Jorgrun

Illustrated notes

Levels and vault maps discovered:
D:1:      ldierk_walled_garden, layout_basic, fountainhead,
          minmay_splitting_lines
D:2:      layout_basic, chequers_ecumenical_altar_lobes, uniq_crazy_yiuf_cottage
D:3:      layout_rooms, nicolae_underground_beach, uniq_natasha
D:4:      layout_cave_pools, overflow_temple_1_default, serial_bayou_pond_e,
          supply_closet_lemuel
D:5:      layout_cave_pools, minmay_temple_entry_offerings
D:6:      layout_loops_corners, lemuel_round_altar, uniq_edmund, uniq_sigmund
D:7:      layout_cave_pools, mainiacjoe_overflow_cross_hatched, minitemple,
          nicolae_ossuary_entry_plus
D:8:      layout_rooms, lemuel_blue_sif_altar,
          mainiacjoe_overflow_small_starburst
D:9:      layout_basic, lemuel_crystal_altar, serial_shops,
          kennysheep_mini_moat, minmay_radiant
D:10:     layout_loops_cross, dpeg_oklobed_lair
D:11:     layout_basic, portal_ice_cave_entry_imps, minivault_25,
          grunt_gozag_statues
D:12:     lemuel_slime, layout_basic, erik_orc_4, nemelex_diamond_rough_becter,
          uniq_jorgrun, uniq_psyche, uniq_sonja

Skill      XL: |  1  2  3  4  5  6  7  8  9 10 11 |
---------------+----------------------------------+-----
Unarmed Combat | 4 5 6 8 9 10 11 12 | 12.4
Throwing       | 2 4 6 7 |  7.3
Invocations    | 2 4 6 |  6.0
Fighting       | 3 5 6 7 |  7.1
Dodging        | |  2.4
Stealth        | |  1.0
Shields        | |  0.6

Action                   |  1- 3 |  4- 6 |  7- 9 | 10-12 || total
-------------------------+-------+-------+-------+-------++-------
Melee: Unarmed           |    85 |    82 |   289 |   202 ||   658
       Punch             |     1 |     1 |    13 |    11 ||    26
Throw: Dart              |     1 |     7 |       |       ||     8
       Javelin           |       |       |     6 |     4 ||    10
Invok: Animate Remains   |       |       |    18 |       ||    18
       Animate Dead      |       |       |     5 |    12 ||    17
       Recall Undead Sla |       |       |     1 |     5 ||     6
Evoke: Wand              |       |       |       |     1 ||     1
  Use: Scroll            |       |       |     9 |     7 ||    16
       Potion            |       |       |       |     4 ||     4
 Stab: Sleeping          |       |     1 |     3 |       ||     4
       Invisible         |       |       |       |     1 ||     1
Armor: Robe              |    16 |    25 |    89 |       ||   130
       Acid dragon scale |       |       |     3 |    44 ||    47
       Troll leather arm |       |       |       |    35 ||    35
Dodge: Dodged            |    29 |    43 |   149 |   115 ||   336
